 Dungeon Crawl Stone Soup version 0.20.1-1-g8b1a95d66d (webtiles) character file.

74 Ivernyr the Shooter (level 4, 37/38 HPs)
             Began as a Centaur Hunter on Nov 18, 2017.
             Quit the game on level 2 of the Dungeon.
             The game lasted 00:05:44 (1924 turns).

Ivernyr the Shooter (Centaur Hunter)                Turns: 1924, Time: 00:05:44

Health: 37/38      AC:  4    Str: 14    XL:     4   Next: 10%
Magic:  4/4        EV:  9    Int: 11    God:
Gold:   103        SH:  0    Dex: 10    Spells: 3/3 levels left

rFire    . . .     SeeInvis .   a - +1 shortbow
rCold    . . .     Gourm    .   (shield currently unavailable)
rNeg     . . .     Faith    .   c - +0 leather armour
rPois    .         Spirit   .   (no helmet)
rElec    .         Reflect  .   (no cloak)
rCorr    .         Harm     .   (no gloves)
MR       .....                  (no barding)
Stlth    +.........             (no amulet)
Regen    0.2/turn               (no ring)
MPRegen  0.1/turn               (no ring)

@: very quick
A: hooves 3, deformed body, speed 2, tough skin 3
a: no special abilities


You were on level 2 of the Dungeon.
You were hungry.

You visited 1 branch of the dungeon, and saw 2 of its levels.

You collected 103 gold pieces.

Inventory:

Hand Weapons
 a - a +1 shortbow (weapon)
Missiles
 d - 33 arrows (quivered)
Armour
 c - a +0 leather armour (worn)
Scrolls
 e - 2 scrolls of teleportation {unknown}
 j - a scroll of enchant armour {unknown}
 k - a scroll of magic mapping {unknown}
Potions
 b - 2 potions of heal wounds {unknown}
 g - 2 potions of might {unknown}
 h - a potion of flight {unknown}
 i - a potion of curing {unknown}
Comestibles
 f - a bread ration


   Skills:
 + Level 3.0 Fighting
 * Level 6.3 Bows
 - Level 1.3 Dodging
 - Level 0.4 Stealth
 + Level 1.7 Unarmed Combat


You had 3 spell levels left.
You didn't know any spells.

Dungeon Overview and Level Annotations

Branches:
Dungeon (2/15)

Altars:


Innate Abilities, Weirdness & Mutations

You have hooves in place of feet.
Armour fits poorly on your strangely shaped body.
You cover ground very quickly.
You have extremely tough skin. (AC +3)


Message History

Firing (i - inventory):
d - 36 arrows (quivered)
Press: ? - help, Shift-Dir - straight line, f/p - adder
Aim: an adder You shoot an arrow.
The arrow hits the adder!
The adder is almost dead.
The adder barely misses you. The adder bites you.
Firing (i - inventory):
d - 35 arrows (quivered)
Press: ? - help, Shift-Dir - straight line, f/p - adder
Aim: an adder (almost dead)
You shoot an arrow. The arrow barely misses the adder.
The adder barely misses you.
Firing (i - inventory):
d - 34 arrows (quivered)
Press: ? - help, Shift-Dir - straight line, f/p - adder
Aim: an adder (almost dead)
You shoot an arrow. The arrow hits the adder.
You kill the adder!
Your Fighting skill increases to level 3!
You have reached level 4!
You feel agile.
Are you sure you want to abandon this character and quit the game? (Confirm with "yes".)

### ##...# ....# ..
...... #.#.##.# #
....... #.#.##.#.#
........
#.#.##.#.##........
##.#.#>.............
#(.#.#..#...........
#####.(#.#..............
#......@...†............
#####.##.##.#.##..#.....
#.##.##.#.##..#.#...
....................
#.##.####.##........ #.#
#.##..#.#.## #.#
####..#.#.# #.# #..#.#.#
#..#.#.#


There were no monsters in sight!

Vanquished Creatures
  Natasha (D:2)
  2 adders (D:2)
  A worm (D:2)
  2 dart slugs
  4 bats (D:2)
  5 goblins (D:1)
  A hobgoblin (D:1)
  3 jackals (D:1)
  A frilled lizard (D:1)
  7 kobolds
  A rat (D:1)
28 creatures vanquished.

Notes
Turn   | Place    | Note
-------+----------+-------------------------------------------
     0 | D:1      | Ivernyr the Centaur Hunter began the quest for the Orb.
     0 | D:1      | Reached XP level 1. HP: 17/17 MP: 1/1
   339 | D:1      | Reached skill level 1 in Unarmed Combat
   339 | D:1      | Reached XP level 2. HP: 8/24 MP: 2/2
  1317 | D:2      | Noticed Natasha
  1323 | D:2      | Noticed a crimson imp
  1323 | D:2      | Killed Natasha
  1323 | D:2      | Reached skill level 6 in Bows
  1323 | D:2      | Reached XP level 3. HP: 30/30 MP: 3/3
  1923 | D:2      | Reached XP level 4. HP: 37/38 MP: 4/4
  1924 | D:2      | Quit the game

Skill      XL: |  1  2  3 |
---------------+----------+-----
Unarmed Combat | 1 |  1.7
Bows           | 6 |  6.3
Fighting       | 3 |  3.0
Dodging        | |  1.3
Stealth        | |  0.4

Action                   |  1- 3 |  4- 6 || total
-------------------------+-------+-------++-------
Melee: Unarmed           |   111 |       ||   111
       Kick              |    18 |       ||    18
 Fire: Shortbow          |    16 |       ||    16
  Eat: Chunk             |     2 |       ||     2
Armor: Leather armour    |    31 |       ||    31
Dodge: Dodged            |    56 |       ||    56
